Description

5 Mutas by 5 min, It could be 6 if you do it faster

Replay - Watch this

Build Order

Get SALT Encoding   

  12  0:01  Drone  
  13  0:12  Overlord  
  13  0:18  Drone  
  14  0:31  Drone x2  
  16  0:49  Hatchery  
  15  0:52  Drone x2  
  17  0:59  Drone  
  18  1:10  Extractor  
  17  1:15  Spawning Pool  
  17  1:17  Drone x2  
  18  1:28  Drone  
  21  2:02  Zergling x4, Queen x2  
  21  2:05  Extractor  
  26  2:12  Overlord x2  
  26  2:22  Metabolic Boost  
  31  2:47  Lair  
  32  3:06  Hatchery  
  40  3:48  Spire  
  40  3:49  Zergling x8  
  43  4:03  Overlord  
  43  4:17  Queen x2  
  43  4:20  Overseer  
  47  4:25  Overlord  
  50  4:36  Zergling x8  
  54  5:07  Mutalisk x5  
  64  5:18  Extractor x2  
  62  5:21  Mutalisk  
  74  5:38  Mutalisk  
  75  5:51  Mutalisk  
  84  6:01  Mutalisk  
  79  6:45  Mutalisk  
  79  7:03  Hatchery  
  72  7:14  Hatchery  
  80  7:44  Extractor x2  
  78  7:53  Hatchery  
  80  8:03  Evolution Chamber x2  
  80  8:04  Baneling Nest  
  87  8:30  Hatchery  
  92  8:50  Baneling x4  
Spawning Tool Build Advisor. Get it on Overwolf

Go to:

Details

  • Created by: carth3405
  • Published on: Jun 26, 2024
  • Modified on: Jun 26, 2024
  • Patch: 5.0.11
  • Difficulty: Hard
Show
View Real Time Build Order
Export as new Build Order

Comments (0)

There are no comments. Be the first!

Create an account to comment!